 Dungeon Crawl Stone Soup version 0.17.0-28-g6e173f8 (webtiles) character file.

382 dohliylev the Covert (level 6, 0/46 HPs)
             Began as a Vampire Assassin on Dec 3, 2015.
             Slain by a centaur (1 damage)
             ... on level 5 of the Dungeon.
             The game lasted 00:08:26 (3003 turns).

dohliylev the Covert (Vampire Assassin)             Turns: 3003, Time: 00:08:26

Health: 0/46       AC:  5    Str: 13    XL:     6   Next: 47%
Magic:  6/6        EV: 14    Int: 14    God:
Gold:   157        SH:  0    Dex: 17    Spells: 0 memorised, 5 levels left

rFire  . . .     SeeInvis +     a - +2 dagger
rCold  . . .     Clarity  .     o - +0 robe (curse)
rNeg   + . .     SustAt   .     (no shield)
rPois  .         Gourm    .     (no helmet)
rElec  .         Spirit   .     d - +0 cloak
rCorr  .         Warding  .     (no gloves)
rMut   .         Stasis   .     (no boots)
MR     .....                    (no amulet)
Stlth  +++++.....               u - +2 ring of protection
                                q - +3 ring of strength

@: not resistant to hostile enchantments, quite stealthy
A: fangs 3, see invisible, unbreathing
a: Bat Form


You were on level 5 of the Dungeon.
You were not thirsty.

You visited 1 branch of the dungeon, and saw 5 of its levels.

You collected 157 gold pieces.

Inventory:

Hand Weapons
 a - a +2 dagger (weapon)
 b - a +0 blowgun
Missiles
 e - 42 poisoned needles
 f - 2 curare-tipped needles
Armour
 c - a +0 robe
 d - a +0 cloak (worn)
 o - a cursed +0 robe (worn)
Jewellery
 q - a +3 ring of strength (left hand)
 u - a +2 ring of protection (right hand)
Wands
 k - a wand of frost (21)
 v - a wand of polymorph (21)
 B - a wand of fireball (13)
Scrolls
 h - 2 scrolls of identify {unknown}
 i - 2 scrolls of noise {unknown}
 l - a scroll of magic mapping {unknown}
 p - a scroll of random uselessness {unknown}
 r - a scroll of recharging {unknown}
 t - 2 scrolls of enchant weapon {unknown}
 y - a scroll of teleportation {unknown}
 A - a scroll of remove curse {unknown}
Potions
 g - a potion of blood
 j - a potion of lignification {unknown}
 m - a potion of poison {unknown}
 n - 2 potions of heal wounds {unknown}
 s - a potion of berserk rage {unknown}
 w - a potion of beneficial mutation {unknown}
 x - a potion of haste {unknown}
 z - a potion of curing {unknown}
 C - a potion of mutation {unknown}


   Skills:
 + Level 2.5 Fighting
 + Level 3.0 Short Blades
 + Level 1.9 Throwing
 + Level 3.5 Dodging
 + Level 9.6 Stealth


You had 5 spell levels left.
You didn't know any spells.

Dungeon Overview and Level Annotations

Branches:
Dungeon (5/15)
 Temple: D:4-7

Altars:
Makhleb
Ru
The Shining One

Annotations:
D:3 gorblad's ghost, amateur MfTm
D:4 Poody's ghost, novice MfGl


Innate Abilities, Weirdness & Mutations

You have razor-sharp teeth.
You have supernaturally acute eyesight.
You can survive without breathing.


Message History

The centaur hits you!
* * * LOW HITPOINT WARNING * * *
The hound closely misses you. The centaur closely misses you.
You barely miss the centaur.
The centaur is lightly wounded.
The hound barely misses you. The centaur completely misses you.
The hound closely misses you.
You closely miss the centaur.
The centaur is lightly wounded.
The centaur hits you!
* * * LOW HITPOINT WARNING * * *
The hound barely misses you.
You hit the centaur.
The centaur is moderately wounded.
The centaur hits you but does no damage.
The hound barely misses you. The centaur misses you.
You hit the centaur.
The centaur is moderately wounded.
The hound barely misses you. The centaur hits you.
You die...

#.###. ......
.. #. .. .. .
.# #.# #
####..##.#
#.........
#..c..# #.@h#
.. #####..#.<.#
#...(....###
#..(....##
#..####.#
#(.#....###
#..#......#
#..#.....[#####
#......_......#
##


You could see a centaur and a hound.

Vanquished Creatures
  An ogre (D:5)
  A scorpion (D:4)
  2 crimson imps
  A hound (D:5)
  Terence (D:2)
  2 worker ants (D:4)
  A hound skeleton (D:5)
  3 adders
  An ooze (D:3)
  A worm (D:2)
  4 giant geckos
  3 orcs (D:4)
  4 hobgoblins
  3 quokkas
  2 bats
  3 giant cockroaches
  3 giant newts
  3 goblins
  9 kobolds
  A quokka skeleton (D:5)
  8 rats
57 creatures vanquished.

Notes
Turn   | Place    | Note
--------------------------------------------------------------
     0 | D:1      | dohliylev the Vampire Assassin began the quest for the Orb.
     0 | D:1      | Reached XP level 1. HP: 16/16 MP: 1/1
   122 | D:1      | Reached skill level 6 in Stealth
   333 | D:1      | Reached XP level 2. HP: 22/22 MP: 2/2
   844 | D:2      | Reached skill level 7 in Stealth
   869 | D:2      | Noticed Terence
   876 | D:2      | Killed Terence
   876 | D:2      | Reached XP level 3. HP: 22/27 MP: 3/3
  1171 | D:2      | Reached XP level 4. HP: 14/33 MP: 4/4
  1425 | D:2      | Found a burning altar of Makhleb.
  1429 | D:2      | Reached skill level 8 in Stealth
  1557 | D:3      | Noticed gorblad's ghost (amateur MfTm)
  1658 | D:2      | You fall through a shaft for 2 floors!
  1681 | D:4      | Found a glowing golden altar of the Shining One.
  1821 | D:4      | Reached XP level 5. HP: 34/38 MP: 5/5
  2476 | D:4      | Noticed Poody's ghost (novice MfGl)
  2541 | D:5      | Entered Level 5 of the Dungeon
  2592 | D:5      | Reached skill level 9 in Stealth
  2609 | D:5      | Reached XP level 6. HP: 30/46 MP: 6/6
  2752 | D:5      | Noticed an ogre
  2757 | D:5      | Killed an ogre
  2974 | D:5      | Found a sacrificial altar of Ru.
  2987 | D:5      | Noticed a centaur
  3001 | D:5      | HP: 1/46 [centaur (8)]
  3003 | D:5      | Slain by a centaur

Action                   |  1- 3 |  4- 6 || total
-------------------------+-------+-------++-------
Melee: Dagger            |    87 |   100 ||   187
 Fire: Blowgun           |       |     9 ||     9
 Abil: End Transformatio |       |     1 ||     1
       Bat Form          |       |     1 ||     1
 Stab: Sleeping          |     9 |    13 ||    22
  Eat: Corpse            |     3 |     6 ||     9
